 Dungeon Crawl Stone Soup version 0.28-b1-70-g80dc712255 (webtiles) character file.

Game seed: 11217777098547948340

1198 daervis the Chopper (level 8, 0/51 HPs)
             Began as a Gargoyle Berserker on Feb 4, 2022.
             Was a Priest of Trog.
             Slain by a gnoll (4 damage)
             ... on level 7 of the Dungeon.
             The game lasted 00:16:03 (4619 turns).

daervis the Chopper (Gargoyle Berserker)            Turns: 4619, Time: 00:16:04

Health: 0/51       AC: 21    Str: 24    XL:     8   Next: 44%
Magic:  8/8        EV:  5    Int:  7    God:    Trog [***...]
Gold:   218        SH: 13    Dex:  9    Spells: 7/7 levels left

rFire   . . .      SeeInvis .   a - +0 hand axe
rCold   . . .      Faith    .   k - +0 kite shield
rNeg    + . .      Spirit   .   h - +0 plate armour
rPois   ∞          Reflect  +   (no helmet)
rElec   +          Harm     .   (no cloak)
rCorr   .          Rampage  .   (no gloves)
Will    .....                   (no boots)
Stlth   ..........              n - amulet of reflection
HPRegen 0.17/turn               i - +4 ring of protection
MPRegen 0.11/turn               (no ring)

@: no status effects
A: sickness immunity, AC +5, negative energy resistance 1, electricity
resistance, torment resistance 1, petrification resistance
a: Renounce Religion, Berserk, Trog's Hand


You were on level 7 of the Dungeon.
You worshipped Trog.
Trog was most pleased with you.
You visited 1 branch of the dungeon, and saw 8 of its levels.

You collected 218 gold pieces.

Inventory:

Hand Weapons
 a - a +0 hand axe (weapon)
Armour
 b - a +0 animal skin
 h - a +0 plate armour (worn)
 k - a +0 kite shield (worn)
Jewellery
 i - a +4 ring of protection (left hand)
 n - an amulet of reflection (around neck)
Wands
 f - a wand of acid (6)
 q - a wand of flame (5)
Scrolls
 c - 4 scrolls of teleportation
 d - a scroll of amnesia
 o - a scroll of identify
 p - a scroll of magic mapping {unknown}
 s - a scroll of holy word {unknown}
 t - a scroll of noise {unknown}
Potions
 e - a potion of brilliance
 g - 2 potions of degeneration {unknown}
 j - 2 potions of might
 l - a potion of magic {unknown}
 m - a potion of ambrosia {unknown}
 r - a potion of flight {unknown}
 u - a potion of resistance {unknown}


   Skills:
 * Level 5.8 Fighting
 * Level 6.4 Axes
 * Level 4.7 Armour
 - Level 1.5 Dodging
 + Level 2.1 Stealth
 * Level 4.0 Shields


You had 7 spell levels left.
You didn't know any spells.
Your spell library was empty.

Dungeon Overview and Level Annotations

Branches:
Dungeon (8/15)
 Temple: D:4-7         Lair: D:8-11

Altars:
Trog
Zin

Annotations:
D:7 1 transporter, Pikel


Innate Abilities, Weirdness & Mutations

You are immune to sickness and miasma.
Your stone body is resilient. (AC +5)
You are immune to poison.
You resist negative energy. (rN+)
You are resistant to electric shocks. (rElec)
You are resistant to unholy torment.
You are immune to petrification.


Message History

The gnoll barely misses you. The gnoll hits you but does no damage.
The orc priest mumbles some strange prayers to Beogh against you.
Beogh smites you!
* * * LOW HITPOINT WARNING * * *
There is a stone staircase leading up here.
The orc priest miscasts a cantrip.
You block the gnoll's attack.
You climb upwards.
You hear the roar of battle.
There is an entrance to a bailey on this level.
Hurry and find it before the portal closes forever!
Pikel shouts!
The lemure shouts! x4
Reactivating autopickup.
Found 15 gold pieces.
Found a transporter.
There is a stone staircase leading down here.
You barely miss the lemure. You hit the gnoll but do no damage.
You hit the lemure but do no damage. The gnoll hits you but does no damage.
Pikel says, "You'll rust in Dis!"
The lemure hits you but does no damage.
You barely miss the lemure. You closely miss Pikel. You hit the gnoll.
You block the gnoll's attack. The lemure hits you but does no damage.
You hit the lemure but do no damage. You hit the gnoll but do no damage.
You barely miss Pikel. The gnoll hits you with a +0 club.
* * * LOW HITPOINT WARNING * * *
You block the lemure's attack. Pikel hits you but does no damage.
You hit the lemure but do no damage. You barely miss Pikel.
You hit the gnoll but do no damage. You block the gnoll's attack.
The lemure hits you.
* * * LOW HITPOINT WARNING * * *
Pikel hits you but does no damage.
You slash the gnoll!
The gnoll is almost dead.
You closely miss the lemure. You closely miss Pikel.
You block the gnoll's attack. The lemure hits you.
* * * LOW HITPOINT WARNING * * *
Pikel hits you with a +1 whip of electrocution.
* * * LOW HITPOINT WARNING * * *
You closely miss Pikel. You hit the gnoll but do no damage.
You hit the lemure but do no damage. The gnoll hits you with a +0 club.
You die...

#. #..
..# ##
..# # ..
#.###. .#
#.5#.##.#
#55K.g..#
#@# ##5.#
..# ..#
... ..©#
...#$
#.##..


You could see Pikel, 4 lemures and a gnoll.

Vanquished Creatures
  Menkaure (D:5)
  A necrophage (D:4)
  2 ogres
  A kobold brigand (D:5)
  Blork the orc (D:5)
  A scorpion (D:5)
  5 killer bees (D:5)
  A bullfrog skeleton (D:5)
  An orc priest (D:3)
  3 hounds
  2 iguanas
  A scorpion zombie (D:5)
  A howler monkey skeleton (D:4)
  3 gnolls (D:4)
  7 adders
  A dart slug (D:5)
  12 orcs
  3 ball pythons
  6 bats (D:1)
  2 endoplasms (D:3)
  A giant cockroach (D:1)
  4 goblins
  7 hobgoblins
  3 jackals (D:1)
  21 kobolds
  4 quokkas
  5 frilled lizards
  7 rats
107 creatures vanquished.

Vanquished Creatures (others)
  64 plants (D:5)
64 creatures vanquished.

Grand Total: 171 creatures vanquished

Notes
Turn   | Place    | Note
-------+----------+-------------------------------------------
     0 | D:1      | daervis the Gargoyle Berserker began the quest for the Orb.
     0 | D:1      | Reached XP level 1. HP: 14/14 MP: 1/1
   208 | D:1      | Reached XP level 2. HP: 19/19 MP: 2/2
   249 | D:1      | Reached skill level 3 in Axes
   638 | D:1      | Found a faded altar of an unknown god.
   647 | D:1      | Reached XP level 3. HP: 24/24 MP: 3/3
  1121 | D:3      | Reached skill level 1 in Stealth
  1230 | D:3      | Reached ** piety under Trog
  1231 | D:3      | Reached XP level 4. HP: 29/29 MP: 4/4
  1686 | D:3      | Reached XP level 5. HP: 13/34 MP: 5/5
  2094 | D:4      | Reached skill level 4 in Axes
  2256 | D:4      | Found a bloodstained altar of Trog.
  2354 | D:5      | Entered Level 5 of the Dungeon
  2375 | D:4      | Noticed an ogre
  2384 | D:4      | Killed an ogre
  2385 | D:4      | Reached XP level 6. HP: 40/40 MP: 6/6
  2593 | D:4      | Noticed a necrophage
  2609 | D:4      | Killed a necrophage
  2610 | D:4      | Reached skill level 5 in Fighting
  2610 | D:4      | Reached skill level 5 in Axes
  3082 | D:4      | Found a glowing silver altar of Zin.
  3147 | D:5      | Reached skill level 1 in Shields
  3494 | D:5      | Reached XP level 7. HP: 44/44 MP: 7/7
  3828 | D:5      | Noticed Blork the orc
  3839 | D:5      | Killed Blork the orc
  3854 | D:5      | Reached skill level 6 in Axes
  3854 | D:5      | Reached XP level 8. HP: 39/50 MP: 8/8
  3863 | D:5      | Noticed Menkaure
  3877 | D:5      | Killed Menkaure
  4460 | D:5      | Reached *** piety under Trog
  4566 | D:5      | You fall into a shaft and drop 3 floors!
  4612 | D:8      | Noticed a yak
  4613 | D:7      | Noticed Pikel
  4613 | D:7      | Found a transporter.
  4619 | D:7      | Slain by a gnoll

Illustrated notes

Levels and vault maps discovered:
D:1:      lightli_iron_boxes, layout_rooms, nicolae_ecumenical_snake_handling,
          dk_noncrumbling_2, minmay_distorted
D:2:      layout_loops_ring, pf_guarded_unrand_woodcutter
D:3:      layout_rooms
D:4:      layout_rooms, nicolae_overflow_crystal_walls,
          lemuel_coloured_pillars_altar
D:5:      kennysheep_kobold_camp, layout_loops_ring, uniq_menkaure,
          uniq_blork_the_orc
D:6:      layout_loops_cross, mainiacjoe_overflow_concentric_impassable
D:7:      layout_loops_ring, nicolae_gozag_seed_capital, temple_statues,
          enter_bailey_5, gammafunk_ghost_berserking_beasts, uniq_maggie,
          uniq_pikel, uniq_joseph
D:8:      layout_cave_pools

Skill      XL: |  1  2  3  4  5  6  7  8 |
---------------+-------------------------+-----
Axes           | 3 4 5 6 |  6.4
Fighting       | 4 5 |  5.8
Stealth        | 1 2 |  2.1
Armour         | 3 4 |  4.7
Shields        | 1 3 4 |  4.0
Dodging        | |  1.5

Action                   |  1- 3 |  4- 6 |  7- 9 || total
-------------------------+-------+-------+-------++-------
Melee: Hand axe          |   100 |   127 |   141 ||   368
       Punch             |     1 |     1 |       ||     2
Invok: Berserk           |     2 |     5 |     2 ||     9
  Use: Scroll            |       |       |     4 ||     4
       Potion            |       |       |     1 ||     1
 Stab: Sleeping          |       |     1 |       ||     1
Armor: Animal skin       |    58 |    11 |       ||    69
       Plate armour      |       |    50 |    96 ||   146
Dodge: Dodged            |    85 |    48 |    28 ||   161
Block: Kite shield       |       |    10 |   115 ||   125
       Reflection        |       |       |     2 ||     2
